| TOP OF THE 1ST |
|
Victoria Capitals batting - Pitching for Joplin Blasters : RHP Zong-yuan Xue
|
|
Pitching: RHP Zong-yuan Xue
|
|
|
Batting: RHB Nick Ellis
|
0-0: Called Strike 0-1: Foul Ball, location: 2F 0-2: Ball 1-2: Ball 2-2: Fly out, F9 (Flyball, 89M, EV 88.8 MPH)
|
|
Batting: RHB Caleb Dean
|
0-0: Ball 1-0: Swinging Strike 1-1: Foul Ball, location: 2F 1-2: Strikes out swinging
|
|
Batting: LHB Rick Harrison
|
0-0: Ball 1-0: Ball 2-0: Foul Ball, location: 2F 2-1: Ground out 4-3 (Groundball, 4D, EV 104.4 MPH)
|
| Top of the 1st over - 0 runs, 0 hits, 0 errors, 0 left on base; Victoria 0 - Joplin 0 |
| BOTTOM OF THE 1ST |
|
Joplin Blasters batting - Pitching for Victoria Capitals : LHP Jakob Lauritzen
|
|
Pitching: LHP Jakob Lauritzen
|
|
|
Batting: RHB Joe Gabriel
|
0-0: Ball 1-0: Ball 2-0: Foul Ball, location: 2F 2-1: Called Strike 2-2: Ball 3-2: Ground out 6-3 (Groundball, 6, EV 82.5 MPH)
|
|
Batting: RHB Tanner Holland
|
0-0: Swinging Strike 0-1: Ball 1-1: Ball 2-1: Swinging Strike 2-2: SINGLE (Groundball, 4MD, EV 104.4 MPH)
|
|
Batting: RHB Milanni Isaaka
|
0-0: Ball 1-0: Ball 2-0: Ball 3-0: Called Strike 3-1: Base on Balls Tanner Holland to second
|
|
Batting: LHB Efrem Isaev
|
0-0: Ball 1-0: Ball 2-0: Called Strike 2-1: Foul Ball, location: 2F 2-2: Strikes out swinging
|
|
Batting: RHB Simon Sultzbach
|
0-0: Ball 1-0: Called Strike 1-1: Foul Ball, location: 2F 1-2: SINGLE (Flyball, 3D, EV 88.1 MPH) Tanner Holland to third Milanni Isaaka to second Runner from 3rd tries for Home, SAFE, throw by RF to home
|
|
Batting: RHB Donnie Bednarz
|
0-0: Fly out, F3 (Popup, 3, EV 53.1 MPH)
|
| Bottom of the 1st over - 1 run, 2 hits, 0 errors, 2 left on base; Victoria 0 - Joplin 1 |
| TOP OF THE 2ND |
|
Victoria Capitals batting - Pitching for Joplin Blasters : RHP Zong-yuan Xue
|
|
Batting: LHB Willard Balcome
|
0-0: Ball 1-0: Called Strike 1-1: SINGLE (Groundball, 6D, EV 108.1 MPH)
|
|
Batting: RHB Josh Rentz
|
0-0: Ball 1-0: Fly out, F9 (Flyball, 9, EV 78.1 MPH)
|
|
Batting: RHB Ron Mack
|
0-0: Ball 1-0: Ball 2-0: Swinging Strike 2-1: Ball 3-1: Base on Balls Willard Balcome to second
|
|
Batting: LHB Mike Jones
|
0-0: Foul Ball, location: 2F 0-1: Ball 1-1: SINGLE (Line Drive, 7LS, EV 96.9 MPH) Willard Balcome to third Ron Mack to second Runner from 3rd tries for Home, SAFE, throw by LF to home
|
|
Batting: RHB Hyeon-cheong Lee
|
0-0: Called Strike Ron Mack is caught stealing 3rd base 2-5 0-1: Called Strike 0-2: Ball 1-2: Ball 2-2: Fly out, F7 (Flyball, 7LMF, EV 78.8 MPH)
|
| Top of the 2nd over - 1 run, 2 hits, 0 errors, 1 left on base; Victoria 1 - Joplin 1 |
| BOTTOM OF THE 2ND |
|
Joplin Blasters batting - Pitching for Victoria Capitals : LHP Jakob Lauritzen
|
|
Batting: RHB Nate Brewer
|
0-0: Foul Ball, location: 2F 0-1: Fly out, F9 (Flyball, 89D, EV 82.5 MPH)
|
|
Batting: RHB Jin-hoi Hur
|
0-0: Foul Ball, location: 2F 0-1: Ball 1-1: Swinging Strike 1-2: Ball 2-2: Ball 3-2: Base on Balls
|
|
Batting: LHB Josh Lane
|
0-0: Reached on error, E4 (Groundball, 4M, EV 105.0 MPH) Jin-hoi Hur to second
|
|
Batting: RHB Joe Gabriel
|
0-0: Called Strike 0-1: Ball 1-1: Foul Ball, location: 2F 1-2: Ball 2-2: Foul Ball, location: 2F 2-2: 3-RUN HOME RUN (Flyball, 78XD, EV 114.4 MPH), Distance : 427 ft
|
|
Batting: RHB Tanner Holland
|
0-0: Fly out, F8 (Flyball, 8RM, EV 90.0 MPH)
|
|
Batting: RHB Milanni Isaaka
|
0-0: Called Strike 0-1: Foul Ball, location: 2F 0-2: Ball 1-2: Ball 2-2: Strikes out looking
|
| Bottom of the 2nd over - 3 runs, 1 hit, 1 error, 0 left on base; Victoria 1 - Joplin 4 |
| TOP OF THE 3RD |
|
Victoria Capitals batting - Pitching for Joplin Blasters : RHP Zong-yuan Xue
|
|
Batting: RHB Ray Wathey
|
0-0: Called Strike 0-1: Foul Ball, location: 2F 0-2: Ball 1-2: Ball 2-2: Foul Ball, location: 2F 2-2: Ball 3-2: Foul Ball, location: 2F 3-2: Hit by Pitch
|
|
Batting: RHB Nick Ellis
|
0-0: Ball 1-0: Swinging Strike 1-1: Fly out, F4 (Popup, 4, EV 72.5 MPH)
|
|
Batting: RHB Caleb Dean
|
0-0: Called Strike 0-1: Swinging Strike 0-2: Strikes out swinging
|
|
Batting: LHB Rick Harrison
|
0-0: Ground out 4-3 (Groundball, 34, EV 86.9 MPH)
|
| Top of the 3rd over - 0 runs, 0 hits, 0 errors, 1 left on base; Victoria 1 - Joplin 4 |
| BOTTOM OF THE 3RD |
|
Joplin Blasters batting - Pitching for Victoria Capitals : LHP Jakob Lauritzen
|
|
Batting: LHB Efrem Isaev
|
0-0: Ball 1-0: Foul Ball, location: 2F 1-1: Ball 2-1: TRIPLE (Flyball, 9LD, EV 107.5 MPH)
|
|
Batting: RHB Simon Sultzbach
|
0-0: Ball 1-0: Ball 2-0: Foul Ball, location: 2F 2-1: Reached on error, E6 (Groundball, 6, EV 101.2 MPH) Efrem Isaev scores
|
|
Batting: RHB Donnie Bednarz
|
0-0: Ball 1-0: Ball 2-0: Ball 3-0: Base on Balls
|
|
Pitching: RHP Victor Ocampo
|
|
|
Batting: RHB Nate Brewer
|
0-0: Called Strike 0-1: Swinging Strike 0-2: Strikes out swinging
|
|
Batting: RHB Jin-hoi Hur
|
0-0: Fly out, F9 (Flyball, 9S, EV 91.9 MPH)
|
|
Batting: LHB Josh Lane
|
0-0: Ball 1-0: Swinging Strike 1-1: Foul Ball, location: 2F 1-2: Foul Ball, location: 2F 1-2: Strikes out looking
|
| Bottom of the 3rd over - 1 run, 1 hit, 1 error, 2 left on base; Victoria 1 - Joplin 5 |
| TOP OF THE 4TH |
|
Victoria Capitals batting - Pitching for Joplin Blasters : RHP Zong-yuan Xue
|
|
Batting: LHB Willard Balcome
|
0-0: Fly out, F8 (Flyball, 8RXD, EV 79.4 MPH)
|
|
Batting: RHB Josh Rentz
|
0-0: Swinging Strike 0-1: Swinging Strike 0-2: Ball 1-2: Ball 2-2: Strikes out swinging
|
|
Batting: RHB Ron Mack
|
0-0: Ball 1-0: SINGLE (Line Drive, 8RS, EV 94.4 MPH)
|
|
Batting: LHB Mike Jones
|
0-0: Ball 1-0: Called Strike 1-1: Ball 2-1: Ball 3-1: Called Strike 3-2: SINGLE (Groundball, 4M, EV 78.8 MPH) (infield hit) Ron Mack to second
|
|
Batting: RHB Hyeon-cheong Lee
|
0-0: Called Strike 0-1: Foul Ball, location: 2F 0-2: Ball Wild Pitch! Ron Mack to third Mike Jones to second 1-2: Ball 2-2: Ball 3-2: Strikes out swinging
|
| Top of the 4th over - 0 runs, 2 hits, 0 errors, 2 left on base; Victoria 1 - Joplin 5 |
| BOTTOM OF THE 4TH |
|
Joplin Blasters batting - Pitching for Victoria Capitals : RHP Victor Ocampo
|
|
Batting: RHB Joe Gabriel
|
0-0: Swinging Strike 0-1: Ground out 6-3 (Groundball, 56, EV 93.1 MPH)
|
|
Batting: RHB Tanner Holland
|
0-0: Ball 1-0: Swinging Strike 1-1: SINGLE (Flyball, 89M, EV 95.6 MPH)
|
|
Batting: RHB Milanni Isaaka
|
0-0: Fly out, F7 (Flyball, 78S, EV 84.4 MPH)
|
|
Batting: LHB Efrem Isaev
|
0-0: Ball 1-0: Ball 2-0: Ball 3-0: Called Strike 3-1: Swinging Strike 3-2: Base on Balls Tanner Holland to second
|
|
Batting: RHB Simon Sultzbach
|
0-0: Called Strike 0-1: Ball 1-1: Ball 2-1: Foul Ball, location: 2F 2-2: SINGLE (Groundball, 6MD, EV 108.8 MPH) Tanner Holland to third Efrem Isaev to second Runner from 3rd tries for Home, throw by CF and OUT! 8-2
|
| Bottom of the 4th over - 0 runs, 2 hits, 0 errors, 2 left on base; Victoria 1 - Joplin 5 |
| TOP OF THE 5TH |
|
Victoria Capitals batting - Pitching for Joplin Blasters : RHP Zong-yuan Xue
|
|
Batting: RHB Ray Wathey
|
0-0: Called Strike 0-1: Ball 1-1: Ball 2-1: Foul Ball, location: 2F 2-2: Ball 3-2: Base on Balls
|
|
Batting: RHB Nick Ellis
|
0-0: Fly out, F8 (Flyball, 8LD, EV 103.8 MPH)
|
|
Batting: RHB Caleb Dean
|
0-0: Ground out 5-3 (Groundball, 56S, EV 65.6 MPH) Ray Wathey to second
|
|
Batting: LHB Rick Harrison
|
0-0: Foul Ball, location: 2F 0-1: SINGLE (Line Drive, 78S, EV 106.9 MPH) Ray Wathey to third Runner from 3rd tries for Home, SAFE, throw by LF to home
|
|
Batting: LHB Willard Balcome
|
0-0: Swinging Strike 0-1: Called Strike 0-2: Fly out, F9 (Flyball, 9LM, EV 93.8 MPH)
|
| Top of the 5th over - 1 run, 1 hit, 0 errors, 1 left on base; Victoria 2 - Joplin 5 |
| BOTTOM OF THE 5TH |
|
Joplin Blasters batting - Pitching for Victoria Capitals : RHP Victor Ocampo
|
|
Batting: RHB Donnie Bednarz
|
0-0: Ground out 6-3 (Groundball, 6, EV 83.1 MPH)
|
|
Batting: RHB Nate Brewer
|
0-0: Swinging Strike 0-1: SINGLE (Flyball, 4D, EV 84.4 MPH)
|
|
Batting: RHB Jin-hoi Hur
|
0-0: Called Strike 0-1: SINGLE (Groundball, 34, EV 77.5 MPH) (infield hit) Nate Brewer to second
|
|
Batting: LHB Josh Lane
|
0-0: Foul Ball, location: 2F 0-1: Ball Wild Pitch! Nate Brewer to third Jin-hoi Hur to second 1-1: Swinging Strike 1-2: Foul Ball, location: 2F 1-2: Ball 2-2: Strikes out swinging
|
|
Batting: RHB Joe Gabriel
|
0-0: Ball 1-0: Ball 2-0: Ball 3-0: Called Strike 3-1: Foul Ball, location: 2F 3-2: Base on Balls
|
|
Batting: RHB Tanner Holland
|
0-0: Ball 1-0: Ball 2-0: Fielders Choice at 2nd, 6-4 (Groundball, 6, EV 86.9 MPH)
|
| Bottom of the 5th over - 0 runs, 2 hits, 0 errors, 3 left on base; Victoria 2 - Joplin 5 |
| TOP OF THE 6TH |
|
Victoria Capitals batting - Pitching for Joplin Blasters : RHP Zong-yuan Xue
|
|
Batting: RHB Josh Rentz
|
0-0: Foul Ball, location: 2F 0-1: Ball 1-1: Ball 2-1: Swinging Strike 2-2: Strikes out looking
|
|
Batting: RHB Ron Mack
|
0-0: Foul Ball, location: 2F 0-1: Swinging Strike 0-2: Ground out 6-3 (Groundball, 6, EV 82.5 MPH)
|
|
Batting: LHB Mike Jones
|
0-0: Ball 1-0: Fly out, F7 (Flyball, 7LSF, EV 92.5 MPH)
|
| Top of the 6th over - 0 runs, 0 hits, 0 errors, 0 left on base; Victoria 2 - Joplin 5 |
| BOTTOM OF THE 6TH |
|
Joplin Blasters batting - Pitching for Victoria Capitals : RHP Victor Ocampo
|
|
Batting: RHB Milanni Isaaka
|
0-0: Called Strike 0-1: Ball 1-1: Ball 2-1: Swinging Strike 2-2: Foul Ball, location: 2F 2-2: Hit by Pitch
|
|
Pitching: RHP Joey Mallandaine
|
|
|
Batting: LHB Efrem Isaev
|
0-0: Foul Ball, location: 2F 0-1: SINGLE (Flyball, 56D, EV 95.0 MPH) Milanni Isaaka to second
|
|
Batting: RHB Simon Sultzbach
|
0-0: Ball 1-0: Called Strike 1-1: Ball 2-1: Fly out, F4 (Popup, 23, EV 93.1 MPH)
|
|
Batting: RHB Donnie Bednarz
|
0-0: Called Strike 0-1: Ball 1-1: Ball 2-1: Foul Ball, location: 2F 2-2: Strikes out swinging
|
|
Batting: RHB Nate Brewer
|
0-0: Ball 1-0: Ball 2-0: Ball 3-0: Called Strike 3-1: Fly out, F8 (Flyball, 8RS, EV 75.6 MPH)
|
| Bottom of the 6th over - 0 runs, 1 hit, 0 errors, 2 left on base; Victoria 2 - Joplin 5 |
| TOP OF THE 7TH |
|
Victoria Capitals batting - Pitching for Joplin Blasters : RHP Zong-yuan Xue
|
|
Pitching: RHP Ramiro Castillo
|
|
|
Pinch Hitting: LHB Yen-ti Zhu
|
0-0: Ground out 4-3 (Groundball, 4S, EV 81.2 MPH)
|
|
Pinch Hitting: RHB Roberto Medina
|
0-0: Swinging Strike 0-1: Called Strike 0-2: Ball 1-2: Fly out, F7 (Flyball, 7, EV 90.6 MPH)
|
|
Batting: RHB Nick Ellis
|
0-0: DOUBLE (Flyball, 78XD, EV 102.5 MPH)
|
|
Batting: RHB Caleb Dean
|
0-0: Ball 1-0: Foul Ball, location: 2F 1-1: Foul Ball, location: 2F 1-2: Foul Ball, location: 2F 1-2: Foul Ball, location: 2F 1-2: Ball 2-2: Ball 3-2: Foul Ball, location: 2F 3-2: TRIPLE (Line Drive, 89XD, EV 101.9 MPH) Nick Ellis scores
|
|
Batting: LHB Rick Harrison
|
0-0: DOUBLE (Line Drive, 89D, EV 103.1 MPH) Caleb Dean scores
|
|
Pinch Hitting: LHB Adam Lupfer
|
0-0: Ball 1-0: Ball 2-0: Ball 3-0: Base on Balls
|
|
Pitching: RHP Chris Chilcoat
|
|
|
Batting: RHB Josh Rentz
|
0-0: Foul Ball, location: 2F 0-1: Ball 1-1: Foul Ball, location: 2F 1-2: Strikes out looking
|
| Top of the 7th over - 2 runs, 3 hits, 0 errors, 2 left on base; Victoria 4 - Joplin 5 |
| BOTTOM OF THE 7TH |
|
Joplin Blasters batting - Pitching for Victoria Capitals : RHP Joey Mallandaine
|
|
Pitching: RHP Fernando Aguirre
|
|
|
Now at 1B: Yen-ti Zhu
|
|
|
Now at 2B: Roberto Medina
|
|
|
Now at SS: Ron Mack
|
|
|
Now in RF: Adam Lupfer
|
|
|
Batting: RHB Josh Massey
|
0-0: Called Strike 0-1: Ball 1-1: Foul Ball, location: 2F 1-2: Ball 2-2: Ground out 5-3 (Groundball, 56S, EV 85.6 MPH)
|
|
Pitching: RHP Kevin Stodart
|
|
|
Batting: LHB Josh Lane
|
0-0: Ball 1-0: Called Strike 1-1: Swinging Strike 1-2: Strikes out swinging
|
|
Batting: RHB Joe Gabriel
|
0-0: Ball 1-0: Ball 2-0: Foul Ball, location: 2F 2-1: Foul Ball, location: 2F 2-2: Ball 3-2: SINGLE (Groundball, 56D, EV 97.5 MPH)
|
|
Batting: RHB Tanner Holland
|
0-0: Reached on error, E6 (Groundball, 6, EV 89.4 MPH) Joe Gabriel to second
|
|
Batting: RHB Milanni Isaaka
|
0-0: Foul Ball, location: 2F 0-1: Ball 1-1: Ball 2-1: Ball 3-1: Called Strike 3-2: Fly out, F8 (Flyball, 8LD, EV 104.4 MPH)
|
| Bottom of the 7th over - 0 runs, 1 hit, 1 error, 2 left on base; Victoria 4 - Joplin 5 |
| TOP OF THE 8TH |
|
Victoria Capitals batting - Pitching for Joplin Blasters : RHP Chris Chilcoat
|
|
Pinch Hitting: RHB Jeremy Marin
|
0-0: Ball 1-0: Ball 2-0: Called Strike 2-1: Ball 3-1: SINGLE (Flyball, 78S, EV 88.1 MPH)
|
|
Pinch Hitting: LHB Jason Cary
|
0-0: Fielders Choice at 2nd, 6-4 (Groundball, 6, EV 88.8 MPH)
|
|
Batting: LHB Yen-ti Zhu
|
0-0: Ball 1-0: Foul Ball, location: 2F 1-1: Foul Ball, location: 2F 1-2: Ball 2-2: SINGLE (Groundball, 6MD, EV 96.2 MPH) Jason Cary to second
|
|
Pinch Runner at 2nd Antonio Arechiga:
|
|
|
Batting: RHB Roberto Medina
|
0-0: Called Strike 0-1: Swinging Strike 0-2: Ball 1-2: Ball 2-2: Ball 3-2: 3-RUN HOME RUN (Flyball, 7D, EV 96.2 MPH), Distance : 371 ft
|
|
Pitching: RHP David Bialas
|
|
|
Batting: RHB Nick Ellis
|
0-0: Ball 1-0: Ball 2-0: Called Strike 2-1: Foul Ball, location: 2F 2-2: Foul Ball, location: 2F 2-2: Ball 3-2: Base on Balls
|
|
Batting: RHB Caleb Dean
|
0-0: Swinging Strike 0-1: Foul Ball, location: 2F 0-2: Ball 1-2: Ball 2-2: Ball 3-2: Strikes out looking
|
|
Batting: LHB Rick Harrison
|
0-0: Called Strike Nick Ellis is caught stealing 2nd base 2-6
|
| Top of the 8th over - 3 runs, 3 hits, 0 errors, 0 left on base; Victoria 7 - Joplin 5 |
| BOTTOM OF THE 8TH |
|
Joplin Blasters batting - Pitching for Victoria Capitals : RHP Kevin Stodart
|
|
Now at 1B: Kevin Harris
|
|
|
Now at SS: Rich Roberts
|
|
|
Now in LF: Rick Harrison
|
|
|
Now in CF: Antonio Arechiga
|
|
|
Batting: LHB Efrem Isaev
|
0-0: Called Strike 0-1: Swinging Strike 0-2: Ball 1-2: Ball 2-2: Strikes out swinging
|
|
Batting: RHB Simon Sultzbach
|
0-0: Foul Ball, location: 2F 0-1: Ball 1-1: Ball 2-1: Foul Ball, location: 2F 2-2: Foul Ball, location: 2F 2-2: Strikes out swinging
|
|
Pinch Hitting: RHB Kyle Finney
|
0-0: Called Strike 0-1: Foul Ball, location: 2F 0-2: Fly out, F9 (Line Drive, 9LM, EV 90.0 MPH)
|
| Bottom of the 8th over - 0 runs, 0 hits, 0 errors, 0 left on base; Victoria 7 - Joplin 5 |
| TOP OF THE 9TH |
|
Victoria Capitals batting - Pitching for Joplin Blasters : RHP David Bialas
|
|
Now at 1B: Colin Padgett
|
|
|
Batting: LHB Rick Harrison
|
0-0: Called Strike 0-1: Ground out 6-3 (Groundball, 6, EV 85.0 MPH)
|
|
Batting: LHB Adam Lupfer
|
0-0: Ball 1-0: Called Strike 1-1: Foul Ball, location: 2F 1-2: Ball 2-2: Strikes out swinging
|
|
Batting: RHB Josh Rentz
|
0-0: Called Strike 0-1: Fly out, F9 (Flyball, 89S, EV 78.8 MPH)
|
| Top of the 9th over - 0 runs, 0 hits, 0 errors, 0 left on base; Victoria 7 - Joplin 5 |
| BOTTOM OF THE 9TH |
|
Joplin Blasters batting - Pitching for Victoria Capitals : RHP Kevin Stodart
|
|
Pitching: RHP Charlie Bowden
|
|
|
Pinch Hitting: RHB Robert Carlos
|
0-0: Ball 1-0: Ground out 5-3 (Groundball, 56, EV 88.1 MPH)
|
|
Batting: RHB Josh Massey
|
0-0: Called Strike 0-1: Ground out 5-3 (Groundball, 56S, EV 61.9 MPH)
|
|
Pinch Hitting: RHB Kevin Lea
|
0-0: Ground out 6-3 (Groundball, 6, EV 105.0 MPH)
|
| Bottom of the 9th over - 0 runs, 0 hits, 0 errors, 0 left on base; Victoria 7 - Joplin 5 |
|